[Event "*** Titled Tuesday Blitz"]
[Site "Chess.com"]
[Date "2020.05.26"]
[Round "6"]
[White "GeorgMeier"]
[Black "Azeryahu"]
[Result "1/2-1/2"]
[WhiteElo "2980"]
[BlackElo "2771"]
[TimeControl "180+1"]
[EndTime "11:08:32 PDT"]
[Termination "Game drawn by repetition"]

1. Nf3 Nf6 2. g3 b6 3. Bg2 Bb7 4. c4 e6 5. O-O Be7 6. b3 O-O 7.
Bb2 c5 8. Nc3 d5 9. d4 dxc4 10.
dxc5 Bxc5 11. bxc4 Qxd1 12. Rfxd1 Nc6 13. Na4 Be7 14. Ne5 Rac8 15. Nd7 Rfd8 16. Nxf6+ Bxf6 17. Bxf6 gxf6 18. c5 Rxd1+ 19. Rxd1 bxc5 20. Nxc5 Ba8 21. Nd7 Kg7 22. Rc1 Rd8 23. Bxc6 Bxc6 24. Nxf6 Kxf6 25. Rxc6 Rd2 26. Ra6 Rxe2 27. Rxa7 h5 28. Kg2 Kg6 29.
Ra5 f6 30. Kf3 Rb2 31. Ke3 e5 32. h3 Kf5 33. Ra4 Rc2 34. Ra8 Rc3+ 35. Kd2 Rf3 36. Ke2 Rc3 37. Ra4 Rc2+ 38. Kf3 Rc3+ 39. Kg2 Kg6 40. Ra5 Kf5 41. Ra6 Rc2 42. Ra8 Rb2 43. a4 Ra2 44. Kf3 Ra3+ 45. Kg2 Ra2 46. Ra7 e4 47. Ra5+ Kg6 48. Kf1 f5 49.
h4 Kf6 50. Ra8 Ra1+ 51. Ke2 Ra2+ 52. Kf1 Ra1+ 53. Kg2 Ra2 54. Kf1 1/2-1/2

[Event "*** Titled Tuesday Blitz"]
[Site "Chess.com"]
[Date "2020.05.26"]
[Round "6"]
[White "GoltsevDmitry2000"]
[Black "GM_dmitrij"]
[Result "0-1"]
[WhiteElo "2687"]
[BlackElo "2931"]
[TimeControl "180+1"]
[EndTime "11:08:32 PDT"]
[Termination "GM_dmitrij won on time"]

1. e4 e5 2. Nf3 Nc6 3. Bb5 a6 4. Ba4 Nf6 5. O-O Bc5 6. Nxe5 Nxe5 7. d4 b5 8. Bb3 Bxd4 9. Qxd4 d6 10. c3 O-O 11.
Bg5 Bb7 12. Nd2 h6 13. Bxf6 Qxf6 14. f4 c5 15. Qe3 Ng6 16. a4 Rfe8 17. Bc2 b4 18.
Rae1 a5 19. Nc4 Ba6 20. Bd3 bxc3 21. bxc3 Qxc3 22. Rc1 Qf6 23. Nb6 Bxd3 24. Qxd3 Ra7 25. Nd5 Qd4+ 26. Qxd4 cxd4 27. Rfe1 Ne7 28. Nc7 Rd8 29.
Nb5 Rb7 30. Red1 d5 31. Rxd4 f6 32. Rcd1 Rbd7 33. Nc3 Kf7 34. Nxd5 f5 35. Kf2 fxe4 36. Nxe7 Rxd4 37. Rxd4 Rxd4 38. Nf5 Rxa4 39. Ke3 Ra1 40. Kxe4 a4 41. Kd3 Rb1 42. Kc2 Rb8 43. Nd6+ Ke6 44.
Nc4 Kd5 45. Na3 Kd4 46. g3 Ke3 47. Nc4+ Kf2 48. Ne5 a3 49. Nd7 Rb5 0-1

[Event "*** Titled Tuesday Blitz"]
[Site "Chess.com"]
[Date "2020.05.26"]
[Round "6"]
[White "Zmeeed63"]
[Black "SARGISMV"]
[Result "0-1"]
[WhiteElo "2226"]
[BlackElo "2432"]
[TimeControl "180+1"]
[EndTime "11:08:32 PDT"]
[Termination "SARGISMV won on time"]

1. d4 c5 2. d5 e6 3. c4 exd5 4.
cxd5 a6 5. a4 d6 6. Nc3 Ne7 7.
Nf3 Ng6 8. Bg5 Be7 9. h4 h6 10.
Bxe7 Qxe7 11. h5 Ne5 12. Nxe5 Qxe5 13. e3 Bf5 14. Bd3 Bxd3 15. Qxd3 Nd7 16. a5 Nf6 17. Ra4 O-O 18. Rf4 Rab8 19. g4 Nh7 20. Rf5 Qe7 21. Ne4 Rfe8 22. f3 b5 23. Rg1 c4 24. Qd4 b4 25. Kf2 c3 26. bxc3 b3 27.
Rb1 Qh4+ 28. Kg2 Qe7 29. g5 hxg5 30. h6 gxh6 31. Rf6 Qf8 32. Rxd6 Rxe4 33. Rg6+ fxg6 34. Qxe4 Qf5 35. Qc4 Qxb1 36. d6+ Kf8 37. d7 Qc2+ 38. Kg3 b2 39. Qc5+ Kg7 40. Qe5+ Nf6 41. Qxb8 b1=Q 42.
Qxb1 Qxb1 43. d8=Q Qf5 44. Qe7+ Kg8 45. Qd8+ Kh7 46.
Qe7+ Kh8 47. Qf8+ Ng8 48. Qa8 Qe5+ 49. Kf2 Qd6 50. Qb7 h5 51. Qb6 Qd2+ 52. Kg3 Qd3 0-1

[Event "*** Titled Tuesday Blitz"]
[Site "Chess.com"]
[Date "2020.05.26"]
[Round "6"]
[White "Sibelephant"]
[Black "Man-Chuk"]
[Result "1-0"]
[WhiteElo "3170"]
[BlackElo "2770"]
[TimeControl "180+1"]
[EndTime "11:08:33 PDT"]
[Termination "Sibelephant won by resignation"]

1. c4 Nf6 2. Nc3 e5 3. Nf3 Nc6 4. d3 Bb4 5. Bd2 O-O 6. g3 Re8 7. Bg2 Bxc3 8. Bxc3 d5 9. cxd5 Nxd5 10. O-O f6 11. Qb3 Kh8 12. Nxe5 Be6 13. Nxc6 bxc6 14. Qc2 Qd7 15. Rfe1 Bh3 16. Bd2 Bxg2 17. Kxg2 Rab8 18. b3 h5 19. e4 Ne7 20. Be3 h4 21. Qe2 h3+ 22. Kg1 a5 23. Rac1 Rb5 24. Bc5 Kg8 25.
d4 Qe6 26. Qc4 Qxc4 27. Rxc4 Nd5 28. f3 Nb4 29. Bxb4 Rxb4 30. Rxb4 axb4 31. Kf2 Ra8 32. Re2 Kf7 33. Rc2 Ke7 34. g4 Rd8 35. Rxc6 Rxd4 36.
Rxc7+ Ke6 37. Ke2 Rd8 38. Rc6+ Ke5 39. Rc5+ Ke6 40. f4 Ra8 41. Rc2 g5 42. Ke3 gxf4+ 43. Kxf4 Ra5 44. Rd2 Ra8 45. Rf2 Ra5 46. Kg3 Re5 47. Re2 Rc5 48. Kxh3 Rc3+ 49. Kh4 Ke5 50. Rf2 Rd3 51. h3 Rc3 52. Rf5+ 1-0

[Event "*** Titled Tuesday Blitz"]
[Site "Chess.com"]
[Date "2020.05.26"]
[Round "6"]
[White "ferdipy"]
[Black "Atanejhad"]
[Result "0-1"]
[WhiteElo "2253"]
[BlackElo "2449"]
[TimeControl "180+1"]
[EndTime "11:08:33 PDT"]
[Termination "Atanejhad won by resignation"]

1. e4 c5 2. d4 cxd4 3. c3 d5 4. exd5 Qxd5 5. cxd4 Nc6 6. Nf3 e5 7. Be2 exd4 8. Nc3 Qd8 9. Nb5 Bb4+ 10. Bd2 Qa5 11. O-O Bxd2 12. Nxd2 Nge7 13. Nb3 Qb6 14. N5xd4 O-O 15. Nxc6 Nxc6 16. Bf3 Be6 17. Bxc6 bxc6 18. Qc2 Rfd8 19. Rfd1 Rxd1+ 20. Rxd1 Bd5 21. h4 Qb4 22. Nd4 Qd6 23. Nf5 Qf6 24. Ne3 Rd8 25. Qa4 h5 26. Qxa7 Qxh4 27. Qd4 Qg5 28. g3 Qg6 29. a3 Qe6 30. Qf4 Rd7 31. Nf5 g6 32. Ne3 Bb3 33.
Rxd7 Qxd7 34. Qf6 Bd5 35. Nxd5 cxd5 36. Qc3 d4 37. Qd2 Qd5 38. Kf1 d3 39. f3 Qxf3+ 40.
Qf2 Qd1+ 41. Kg2 Qg4 42. Qd2 Qe4+ 43. Kf2 f5 44. Qe3 Qc4 45. Qd2 Kg7 46. Ke3 Kf6 47. Qc3+ Qxc3 48. bxc3 g5 49. Kxd3 h4 50. g4 fxg4 0-1

[Event "*** Titled Tuesday Blitz"]
[Site "Chess.com"]
[Date "2020.05.26"]
[Round "6"]
[White "thedjoker98"]
[Black "MNyuyu"]
[Result "0-1"]
[WhiteElo "2469"]
[BlackElo "2321"]
[TimeControl "180+1"]
[EndTime "11:08:34 PDT"]
[Termination "MNyuyu won by resignation"]

1. d4 d5 2. c4 e6 3. Nc3 Be7 4. cxd5 exd5 5. Bf4 c6 6. e3 Bf5 7. g4 Be6 8. Qb3 Qb6 9. f3 Nd7 10. h4 h6 11. Bd3 Ngf6 12. Nge2 Qxb3 13. axb3 a6 14. Bg3 Rc8 15. Nf4 Nf8 16. Kf2 Bd7 17. Na4 Ne6 18. Nb6 Rd8 19. Nxe6 Bxe6 20. Bc7 O-O 21.
Bxd8 Bxd8 22. Na4 Bc7 23. Nc5 Bc8 24. g5 Nd7 25. b4 Nxc5 26. bxc5 h5 27. Rhg1 g6 28.
f4 Re8 29. b4 Re7 30. Raf1 Bg4 31. Rg3 Kg7 32. Ke1 a5 33. bxa5 Bxa5+ 34. Kf2 Bd2 35.
Rb1 f6 36. gxf6+ Kxf6 37. Be2 Bf5 38. Rb3 Rd7 39. Bd3 Bg4 40. Rg1 Re7 41. Bc2 Kg7 42. Rgb1 Kf6 43. Rh1 Bc8 44. Rg1 Bg4 45. Rh1 Rd7 46.
Bd1 Bf5 47. Bf3 Re7 48. Rhb1 Bxb1 49. Rxb1 Bxe3+ 50. Kg3 Bxd4 51. f5 Bxc5 52. fxg6 Kxg6 53. Kf4 Kf6 54. Bxh5 Re4+ 55. Kg3 Bd6+ 56. Kh3 b5 57.
Rf1+ Rf4 58. Rxf4+ Bxf4 59. Be8 c5 60. Bxb5 Ke5 61. Kg4 Bd2 62. Kf3 Kd4 63. Ke2 Bh6 64. h5 c4 65. Bc6 Kc5 66. Bb7 d4 67. Be4 Kb4 68. Kd1 Kc3 69. Bh7 d3 70. Bg8 Kd4 71.
Bf7 c3 72. Bb3 Kc5 73. Bc2 dxc2+ 74. Kxc2 Kc4 0-1

[Event "*** Titled Tuesday Blitz"]
[Site "Chess.com"]
[Date "2020.05.26"]
[Round "6"]
[White "AcsinteMatei"]
[Black "Chess_Boxer123"]
[Result "0-1"]
[WhiteElo "2346"]
[BlackElo "2693"]
[TimeControl "180+1"]
[EndTime "11:08:34 PDT"]
[Termination "Chess_Boxer123 won on time"]

1. d4 d5 2. Bf4 c5 3. e3 Nc6 4. c3 Bf5 5. Nd2 e6 6. Ngf3 Nf6 7. Bb5 Bd6 8. Ne5 Rc8 9. dxc5 Bxc5 10. Qa4 Qb6 11. Nb3 Be7 12. Nxc6 bxc6 13. Ba6 O-O 14. Bxc8 Rxc8 15. O-O c5 16. h3 Bd3 17. Rfd1 Bb5 18. Qa5 Qc6 19. Qxa7 Nd7 20. a4 Be2 21. Na5 Qa8 22. Qxa8 Rxa8 23. Rd2 Ba6 24. Nc6 Bf6 25.
g4 g5 26. Bd6 Bb7 27. Ne7+ Kg7 28. e4 dxe4 29. Bc7 Nf8 30. a5 Bxe7 31. Bd6 Kf6 32. b4 Ba6 33. bxc5 Nd7 34. Ra4 Nxc5 35. Bxc5 Bxc5 36.
Rxe4 Bb5 37. Ra2 Bc6 38. Ree2 Bd5 39. Ra1 Bc4 40. Rb2 Ra6 41. Rb7 Bd6 42. Rd7 Be5 43. Rb1 Bxc3 44. Rbb7 e5 45. Rbc7 Be6 46. Ra7 Rxa5 47.
Rxa5 Bxa5 48. Ra7 Bb6 49. Ra6 Bd4 50. Ra3 h5 0-1

[Event "*** Titled Tuesday Blitz"]
[Site "Chess.com"]
[Date "2020.05.26"]
[Round "6"]
[White "moistketchup"]
[Black "mohamed-damaj"]
[Result "1-0"]
[WhiteElo "2167"]
[BlackElo "2280"]
[TimeControl "180+1"]
[EndTime "11:08:34 PDT"]
[Termination "moistketchup won by resignation"]

1. d4 Nf6 2. c4 e6 3. Nc3 d5 4.
cxd5 exd5 5. Bg5 Be7 6. e3 O-O 7.
Bd3 c6 8. Qc2 h6 9. Bh4 a5 10. Nf3 Na6 11. a3 Nc7 12. Ne5 Ng4 13. Bxe7 Qxe7 14. Nxg4 Bxg4 15. h3 Bd7 16. g4 Rfe8 17.
O-O-O b5 18. Ne2 a4 19. Ng3 b4 20. axb4 Qxb4 21. Qc3 Qb7 22. g5 hxg5 23. h4 g4 24. h5 a3 25. bxa3 Nb5 26. Bxb5 Qxb5 27. Kd2 Ra4 28. Rb1 Qa6 29. Rb3 Ra8 30. Ra1 Rc4 31.
Qb2 Qa5+ 32. Ke2 Qa6 33. Ke1 Qa5+ 34. Kf1 Qd8 35. Kg2 Qf6 36. Rb8+ Rxb8 37. Qxb8+ Kh7 38. Qb1+ g6 39. hxg6+ fxg6 40. Qd1 Kg7 41. Qe2 Bc8 42. a4 Qf3+ 43. Qxf3 gxf3+ 44. Kxf3 Ba6 45. a5 Rc2 46. Nf1 Bxf1 47. Rxf1 Ra2 48. Rc1 Rxa5 49. Rxc6 Kf7 50. Rd6 Rb5 51. Kg4 Rb2 52. Kg3 Rb5 53. Kf4 Rb2 54.
f3 Rh2 55. Rxd5 Rh4+ 56. Kg3 Ke7 57. Kxh4 1-0

[Event "*** Titled Tuesday Blitz"]
[Site "Chess.com"]
[Date "2020.05.26"]
[Round "6"]
[White "Alexander_Donchenko"]
[Black "Superfelix"]
[Result "1-0"]
[WhiteElo "2708"]
[BlackElo "2478"]
[TimeControl "180+1"]
[EndTime "11:08:35 PDT"]
[Termination "Alexander_Donchenko won by resignation"]

1. e4 c6 2. d4 g6 3. Ke2 d5 4. e5 c5 5. c3 Nc6 6. f4 h5 7. Kf2 Nh6 8. Nf3 Bg4 9. Be3 Nf5 10. Bb5 Qb6 11. Qa4 Bxf3 12. Kxf3 Nxe3 13. Kxe3 e6 14.
Nd2 a6 15. Bxc6+ bxc6 16. Nb3 c4 17. Na5 Kd7 18. b3 Qb5 19. Rhb1 Be7 20. Qxb5 axb5 21. b4 Rhb8 22. a4 Bd8 23. axb5 cxb5 24. Nb7 Bb6 25. Nd6 f5 26. Nxb5 Kc6 27. Nd6 Bc7 28. Nf7 Kd7 29. Ng5 Bd8 30. Nf3 Kc6 31. Kd2 Kb5 32. Kc2 Be7 33. Kb2 h4 34. Kc2 Bd8 35. Kb2 Be7 36.
Rxa8 Rxa8 37. Ra1 Rxa1 38. Kxa1 Ka4 39. Kb2 Bd8 40. Ng5 Bxg5 41. fxg5 Kb5 42. Kc2 Ka4 43. Kd2 Kb5 44. Ke3 Ka4 45. Kf4 Kb3 46. b5 Kxc3 47.
b6 Kd2 48. b7 c3 49. b8=Q c2 50. Qb2 Kd1 51. Qb3 Kd2 52. Qe3+ Kd1 53. Qd3+ Kc1 54.
Ke3 Kb2 55. Qd2 Kb1 56. Qb4+ Ka1 57. Qc3+ Kb1 58. Qb3+ Ka1 59. Qxc2 h3 60. Kd3 hxg2 61. Kc3 1-0

[Event "*** Titled Tuesday Blitz"]
[Site "Chess.com"]
[Date "2020.05.26"]
[Round "6"]
[White "AwareIdea"]
[Black "mrkvoz"]
[Result "1/2-1/2"]
[WhiteElo "2514"]
[BlackElo "2819"]
[TimeControl "180+1"]
[EndTime "11:08:35 PDT"]
[Termination "Game drawn by repetition"]

1. d4 d6 2. c4 e5 3. e3 f5 4. Nf3 e4 5. Nfd2 Nf6 6. Nc3 c5 7. f3 Nc6 8. d5 Ne5 9. Be2 exf3 10.
gxf3 g6 11. O-O Bh6 12. f4 Nf7 13. e4 fxe4 14. Ndxe4 Nxe4 15. Nxe4 O-O 16. Bd2 Bh3 17. Rf2 Bg7 18. b3 Bf5 19. Ng3 Nh6 20. Rc1 Qe7 21. Bc3 Rae8 22. Bxg7 Qxg7 23. Bf3 Re3 24. Qd2 Rfe8 25. Re2 Rxe2 26. Bxe2 Qe7 27. Re1 a6 28. Kf2 Qh4 29. Kg1 Bd7 30. Rf1 Nf5 31. Nxf5 Bxf5 32.
Bf3 b5 33. Rf2 b4 34. Re2 Re7 35. Rxe7 Qxe7 36. Kg2 a5 37. Kg3 Qf6 38. Qe2 Kf7 39. h4 Qc3 40. h5 Qd3 41. hxg6+ hxg6 42. Qh2 Kg7 43. Qh4 Qe3 44. Qd8 Qg1+ 45. Bg2 Qe1+ 46. Kh2 Qf2 47. Qxd6 Qh4+ 48. Kg1 Qe1+ 49. Bf1 Qg3+ 50.
Bg2 Qe1+ 51. Bf1 Qe3+ 52. Kh2 Qf2+ 53. Bg2 Qh4+ 54. Kg1 Qe1+ 1/2-1/2

[Event "*** Titled Tuesday Blitz"]
[Site "Chess.com"]
[Date "2020.05.26"]
[Round "6"]
[White "AEMEffi"]
[Black "doons21"]
[Result "1-0"]
[WhiteElo "2329"]
[BlackElo "2483"]
[TimeControl "180+1"]
[EndTime "11:08:36 PDT"]
[Termination "AEMEffi won on time"]

1. d4 Nf6 2. c4 g6 3. Nc3 Bg7 4. e4 d6 5. h3 O-O 6. Nf3 Nbd7 7. Be3 e5 8. d5 a5 9. Nd2 Nc5 10. a3 c6 11. b4 axb4 12. axb4 Rxa1 13. Qxa1 Na6 14.
Qa3 Nh5 15. dxc6 bxc6 16. b5 cxb5 17. cxb5 Nc5 18. Nd5 Nf4 19. g3 Nxd5 20. exd5 Bb7 21. Bg2 e4 22. O-O f5 23. Nc4 Bxd5 24. Nxd6 Nd3 25. Rd1 Be6 26. Nxe4 fxe4 27. Bxe4 Bxh3 28. Qxd3 Qb8 29. Qd5+ Kh8 30. Bg2 Bg4 31. Rc1 Bb2 32. Rc5 Rd8 33. Qf7 Rd1+ 34. Kh2 Rd7 35. Qf4 Qxf4 36.
Bxf4 Bd4 37. Rc2 Bb6 38. Be5+ Kg8 39. Bc6 Rd8 40. Kg2 Be6 41. Re2 Bd5+ 42. Bxd5+ Rxd5 43. f4 Rxb5 44. Kh3 Rb3 45. Kg4 Kf7 46. Bd6 Rb5 47.
Re7+ Kg8 48. Be5 Bd8 49. Rg7+ Kf8 50. Rxh7 Kg8 51. Rd7 Ba5 52. Kg5 Bc3 53. Kxg6 Kf8 54. Bxc3 1-0

[Event "*** Titled Tuesday Blitz"]
[Site "Chess.com"]
[Date "2020.05.26"]
[Round "6"]
[White "Dmitry_M1"]
[Black "Konovalova_Vera"]
[Result "1-0"]
[WhiteElo "2397"]
[BlackElo "2165"]
[TimeControl "180+1"]
[EndTime "11:08:36 PDT"]
[Termination "Dmitry_M1 won by resignation"]

1. d4 Nf6 2. c4 e6 3. Nf3 Bb4+ 4. Bd2 Qe7 5. g3 O-O 6. Bg2 d5 7. O-O Bxd2 8. Nbxd2 c6 9. Qc2 b6 10. Ne5 Bb7 11.
e4 Nfd7 12. exd5 Nxe5 13. dxe5 cxd5 14. cxd5 Bxd5 15. Bxd5 exd5 16. Rfe1 Nd7 17. Nf3 Qc5 18. Qd2 Rac8 19. Rad1 Rfd8 20. Qxd5 Qxd5 21. Rxd5 Nc5 22.
Red1 Rxd5 23. Rxd5 g6 24. Nd4 Kg7 25. Nb5 a6 26. Nd6 Rc6 27. b3 Ne6 28. Rd2 Rc5 29. f4 Nc7 30. Ne4 Rc1+ 31. Kf2 Nb5 32. Nf6 Rc8 33. a4 Nc3 34. Rd6 b5 35. Ke3 bxa4 36. bxa4 Nxa4 37. Rxa6 Nc3 38. Ra7 Nd1+ 39. Kd2 Nf2 40.
Ke3 Nd1+ 41. Ke2 Nc3+ 42. Kf3 Nb5 43. Rb7 Nd4+ 44. Kg2 Nf5 45. Ne4 Rc2+ 46. Kf3 Nd4+ 47. Ke3 Nf5+ 48. Kd3 Rc8 49. Ng5 Rd8+ 50. Ke2 Nh6 51.
Ne6+ Kg8 52. Nxd8 Kf8 53. Nc6 1-0

[Event "*** Titled Tuesday Blitz"]
[Site "Chess.com"]
[Date "2020.05.26"]
[Round "6"]
[White "Kostya_Nikologorskiy"]
[Black "ChessicallyInclined"]
[Result "1-0"]
[WhiteElo "2718"]
[BlackElo "2521"]
[TimeControl "180+1"]
[EndTime "11:08:37 PDT"]
[Termination "Kostya_Nikologorskiy won by resignation"]

1. d4 Nf6 2. Bf4 c5 3. e3 Nd5 4. Bg3 Qb6 5. b3 cxd4 6. exd4 g6 7.
Nf3 Bh6 8. c3 O-O 9. Bc4 Nf4 10.
O-O d6 11. h3 Nc6 12. Re1 Bf5 13. Nh4 Bd7 14. Nd2 e5 15. Ne4 Qc7 16. Bxf4 exf4 17. Nf6+ Kg7 18. Nd5 Qd8 19. Nf3 Rc8 20. Qd2 Na5 21. Bd3 Bc6 22. c4 Bxd5 23. cxd5 b6 24. Bb5 Qf6 25. Rac1 Qf5 26. b4 Qxd5 27. Ba6 Nc4 28. Qc3 b5 29. Bxc8 Rxc8 30. Qd3 Nb2 31. Qb3 Qxb3 32. axb3 Rxc1 33. Rxc1 Nd3 34. Rc7 Nxb4 35.
Rxa7 Kf6 36. h4 Nc2 37. Rb7 b4 38. Rb6 Ke6 39. Rb7 Bg7 40. d5+ Kxd5 41. Rxf7 Be5 42. Rxh7 Nd4 43. Nd2 Nf5 44. h5 gxh5 45. Rxh5 Nd4 46.
Kf1 Kc5 47. g4 fxg3 48. fxg3 Kc6 49. g4 Bf4 50. Ke1 Bxd2+ 51. Kxd2 Nxb3+ 52. Kd3 Nc5+ 53. Kc4 b3 54. Kc3 Ne4+ 55. Kxb3 d5 56. g5 Kd6 57. g6 Nf6 58. Rf5 Ke6 59. Rf1 Nh5 60. Kc3 Ng7 61. Kd4 Ne8 62. Rf7 Nd6 63. Rf8 Ke7 64. g7 1-0

[Event "*** Titled Tuesday Blitz"]
[Site "Chess.com"]
[Date "2020.05.26"]
[Round "6"]
[White "lelajavakhishvili"]
[Black "OK97"]
[Result "1/2-1/2"]
[WhiteElo "2510"]
[BlackElo "2770"]
[TimeControl "180+1"]
[EndTime "11:08:37 PDT"]
[Termination "Game drawn by repetition"]

1. d4 Nf6 2. c4 e6 3. Nf3 Bb4+ 4. Bd2 a5 5. g3 b6 6. Bg2 Bb7 7. O-O O-O 8. Bg5 Be7 9. Nc3 Ne4 10. Bxe7 Qxe7 11.
Qc2 Nxc3 12. Qxc3 d6 13. Rfe1 Be4 14. Bh3 Nc6 15. Nd2 Bg6 16. Bg2 Qd7 17. d5 exd5 18. cxd5 Nb4 19. e4 Na6 20. Nb3 Nc5 21. Nxc5 bxc5 22.
e5 Rab8 23. e6 Qb5 24. b3 Qb4 25. Qxb4 axb4 26. Bf1 Rfe8 27. Bc4 Kf8 28. g4 h5 29. h3 hxg4 30. hxg4 fxe6 31. dxe6 c6 32. f4 d5 33. Bf1 Be4 34. Rxe4 dxe4 35. Bc4 Rbd8 36. Re1 Rd4 37. f5 Ke7 38. Kf2 Kf6 39. Ke3 g6 40. Rf1 Rh8 41. g5+ Ke5 42. f6 Rxc4 43.
bxc4 Kxe6 44. f7 Rf8 45. Rf6+ Ke5 46. Rf4 Ke6 47. Rf6+ Ke5 48. Rf4 Ke6 49. Kxe4 Rxf7 50. Rxf7 Kxf7 51. Ke5 Ke7 52. Kf4 Kd6 53. Ke4 Ke6 54.
Kf4 Kd6 55. Ke4 Ke6 56. Kf4 Kd6 1/2-1/2

[Event "*** Titled Tuesday Blitz"]
[Site "Chess.com"]
[Date "2020.05.26"]
[Round "6"]
[White "Playgood28"]
[Black "Sweafty"]
[Result "1/2-1/2"]
[WhiteElo "2302"]
[BlackElo "2499"]
[TimeControl "180+1"]
[EndTime "11:08:37 PDT"]
[Termination "Game drawn by repetition"]

1. d4 Nf6 2. c4 e6 3. Nc3 Bb4 4. Qc2 d5 5. e3 O-O 6. a3 Bxc3+ 7. Qxc3 b6 8. Nf3 Bb7 9. Be2 Nbd7 10. b4 c6 11. O-O Qe7 12. Bb2 Rac8 13. a4 dxc4 14. Bxc4 c5 15. dxc5 bxc5 16. b5 Bxf3 17. gxf3 Nb6 18.
a5 Nxc4 19. Qxc4 Nd5 20. Rac1 Qg5+ 21. Kh1 Qh5 22. Qe4 c4 23. Rxc4 Rxc4 24. Qxc4 Qxf3+ 25. Kg1 Re8 26. Rc1 h5 27. b6 axb6 28. axb6 Nxb6 29. Qd4 Qg4+ 30. Kf1 Qxd4 31. Bxd4 Nd5 32. Rb1 e5 33. Bc5 f6 34. Rb7 Nc3 35. Kg2 Ne4 36. Ba7 h4 37. h3 Ng5 38. Rb4 e4 39. Bb8 Kh7 40. Bf4 Kg6 41. Bxg5 Kxg5 42. Rb5+ f5 43. Rb7 g6 44. Rb6 Re5 45. Ra6 Rd5 46. Rb6 f4 47. exf4+ Kxf4 48. Rxg6 Rg5+ 49. Rxg5 Kxg5 50.
Kg1 Kf5 51. Kf1 Kf4 52. Kg2 Ke5 53. Kf1 Kd4 54. Ke2 Kd5 55. f3 Ke5 56. Ke3 exf3 57.
Kxf3 Kf5 58. Ke3 Ke5 59. Kf3 Kf5 60. Ke3 Ke5 61. Kf3 1/2-1/2

[Event "*** Titled Tuesday Blitz"]
[Site "Chess.com"]
[Date "2020.05.26"]
[Round "6"]
[White "BEEkhishig"]
[Black "TenisMaster"]
[Result "1/2-1/2"]
[WhiteElo "2613"]
[BlackElo "2813"]
[TimeControl "180+1"]
[EndTime "11:08:38 PDT"]
[Termination "Game drawn - timeout vs insufficient material"]

1. c4 e5 2. Nc3 Nf6 3. g3 Nc6 4. Bg2 Bb4 5. Nf3 O-O 6. O-O d6 7. d3 h6 8. Bd2 a5 9. a3 Bc5 10. Rb1 Be6 11. e4 Bg4 12. h3 Bxf3 13. Bxf3 Nd4 14.
Bg2 c6 15. Kh2 b5 16. cxb5 cxb5 17. Ne2 a4 18. Bc3 Qb6 19. f4 Nxe2 20. Qxe2 Bd4 21. Rbc1 Rac8 22. fxe5 dxe5 23. Bxd4 Qxd4 24. Rxc8 Rxc8 25.
Rxf6 Rc1 26. Rf2 b4 27. axb4 Qxb4 28. Qf3 Rc7 29. h4 Qd4 30. Bh3 Rb7 31. Qe2 h5 32.
Kg2 g6 33. Qc2 Kg7 34. g4 hxg4 35. Bxg4 Qd8 36. Qc6 Qxh4 37. Bh3 Qg5+ 38. Kh2 Qe3 39. Qf6+ Kg8 40. Be6 Qh6+ 41. Bh3 Qe3 42. Rg2 Qxd3 43.
Be6 Qxe4 44. Qxg6+ Qxg6 45. Rxg6+ Kf8 46. Bd5 Rxb2+ 47. Rg2 a3 48. Rxb2 axb2 49. Ba2 Ke7 50. Kg3 f5 51. Kf3 Kd6 52. Ke3 f4+ 53. Ke4 Kc5 54.
Kd3 f3 55. Ke3 e4 56. Bb1 Kb4 57. Bxe4 1/2-1/2

[Event "*** Titled Tuesday Blitz"]
[Site "Chess.com"]
[Date "2020.05.26"]
[Round "6"]
[White "AttilaTurzo"]
[Black "Colombiano07"]
[Result "0-1"]
[WhiteElo "2432"]
[BlackElo "2278"]
[TimeControl "180+1"]
[EndTime "11:08:38 PDT"]
[Termination "Colombiano07 won on time"]

1. e4 c5 2. Nf3 g6 3. d4 cxd4 4. Nxd4 Nf6 5. Nc3 Nc6 6. Nxc6 dxc6 7. Qxd8+ Kxd8 8. Bg5 Be6 9. O-O-O+ Ke8 10. f4 Bg7 11. Be2 Rd8 12. Bf3 Rd7 13. h3 Kd8 14. e5 Nd5 15. Nxd5 Bxd5 16. Bxd5 Rxd5 17. Rxd5+ cxd5 18. Rd1 f6 19. Rxd5+ Kc7 20. exf6 exf6 21. Bh4 Re8 22. Kd2 Kc6 23. Rd3 Re4 24. Rf3 f5 25.
c3 b5 26. Bf2 a5 27. b3 b4 28. c4 a4 29. g3 axb3 30. axb3 Bc3+ 31. Kd3 Re8 32. Be3 Rd8+ 33. Kc2 Ra8 34. Bc1 Ra2+ 35. Kd3 Ra1 36. Bd2 Rd1 37. Rf2 Rg1 38. Bxc3 Rxg3+ 39. Kd4 Rxc3 40. Re2 Rxb3 41. Re6+ Kd7 42. Rb6 Rf3 43. Rxb4 Rxf4+ 44. Kd5 Rh4 45. Rb3 Kc7 46. Ra3 f4 47. c5 Rh5+ 48. Ke4 Rf5 49. Rf3 Rxc5 50. Rxf4 Rc4+ 51.
Kf3 Rxf4+ 52. Kxf4 Kd6 53. h4 h6 54. Ke4 Ke6 55.
Kf4 Kd6 56. Ke4 Ke6 57. Kf4 Kd5 58. Kf3 Ke5 59. Ke3 Kf5 60. Kf3 h5 0-1

[Event "*** Titled Tuesday Blitz"]
[Site "Chess.com"]
[Date "2020.05.26"]
[Round "6"]
[White "HanSchut"]
[Black "MoonlighT89"]
[Result "0-1"]
[WhiteElo "2179"]
[BlackElo "2547"]
[TimeControl "180+1"]
[EndTime "11:08:40 PDT"]
[Termination "MoonlighT89 won by resignation"]

1. e4 c5 2. Nf3 e6 3. c4 Nc6 4. Nc3 d6 5. d4 cxd4 6. Nxd4 Nf6 7. Be3 Be7 8. Be2 O-O 9. Rc1 Nxd4 10. Bxd4 Bd7 11.
O-O Bc6 12. f3 Nd7 13. Qd2 a5 14. b3 Qb8 15. Rfd1 Nc5 16. Bf1 Rd8 17. Qf2 b6 18. Nb5 Bf8 19. Qg3 Qb7 20. h4 Bxb5 21. cxb5 d5 22.
e5 Nd7 23. Kh1 Rac8 24. Bd3 Rxc1 25. Rxc1 Rc8 26. Qe1 Ba3 27. Rxc8+ Qxc8 28. Qd2 Qc7 29. f4 Qc1+ 30. Qxc1 Bxc1 31. g3 g6 32. Kg2 Kf8 33. Kf3 Ke7 34. Ke2 Ba3 35. Kd2 Bc5 36. Kc3 Bxd4+ 37.
Kxd4 f6 38. exf6+ Nxf6 39. Ke3 Kd6 40. Kf3 e5 41. fxe5+ Kxe5 42. g4 Ne8 43. h5 gxh5 44. gxh5 h6 45. Kg4 Nd6 46. Be2 Ke4 47. Bf3+ Kd4 48.
Kf4 Nxb5 49. Kf5 Nc3 50. Kg6 Ke3 51. Bg4 d4 52. Kxh6 d3 53. Kg7 d2 54. h6 Ne2 55.
Bxe2 d1=Q 56. h7 Qd4+ 57. Kg8 Kxe2 58. h8=Q Qxh8+ 59. Kxh8 Kd2 60. Kg7 Kc2 61. Kf6 Kb2 62. Ke5 Kxa2 0-1

[Event "*** Titled Tuesday Blitz"]
[Site "Chess.com"]
[Date "2020.05.26"]
[Round "6"]
[White "BlackWidow515"]
[Black "quesfr"]
[Result "1-0"]
[WhiteElo "2132"]
[BlackElo "2273"]
[TimeControl "180+1"]
[EndTime "11:08:40 PDT"]
[Termination "BlackWidow515 won on time"]

1. e4 c5 2. Nf3 d6 3. d4 cxd4 4. Nxd4 Nf6 5. Nc3 g6 6. Bc4 Bg7 7. O-O O-O 8. Bb3 Nc6 9. Be3 Nd7 10. Nce2 Nc5 11. Nxc6 bxc6 12. Bxc5 dxc5 13. c3 Ba6 14. Re1 Rb8 15. Qc2 Bd3 16. Qd2 Bxe4 17. Qe3 Bd5 18. Qxc5 Bxb3 19. axb3 Rxb3 20. Rxa7 Rxb2 21. Nd4 Qd6 22.
Qc4 c5 23. Nf3 Rc2 24. Raxe7 Rxc3 25. Qe4 h6 26. h3 Ra3 27. Qc4 Ra1 28. Rxa1 Bxa1 29.
Re1 Bf6 30. Rc1 Rc8 31. Nh2 Kg7 32. Ng4 Bd4 33. Ne3 Bxe3 34. fxe3 Qe5 35. Qc3 Qxc3 36. Rxc3 Kf6 37. Kf2 Ke5 38. Kf3 f5 39. g3 g5 40. Ke2 h5 41. Kd3 h4 42. gxh4 gxh4 43. Rc4 Rd8+ 44. Ke2 Kd5 45. Rxh4 c4 46. Rf4 Rf8 47.
Kd2 Rf6 48. Kc3 1-0

[Event "*** Titled Tuesday Blitz"]
[Site "Chess.com"]
[Date "2020.05.26"]
[Round "6"]
[White "BillieKimbah"]
[Black "Baby_Shak"]
[Result "1-0"]
[WhiteElo "2859"]
[BlackElo "2638"]
[TimeControl "180+1"]
[EndTime "11:08:42 PDT"]
[Termination "BillieKimbah won by checkmate"]

1. c4 e5 2. d3 Nc6 3. Nf3 Bc5 4. g3 d6 5. Bg2 a6 6. Nc3 Nf6 7. O-O O-O 8. Bg5 h6 9. Bh4 Bf5 10. Nd5 Kh7 11. Bxf6 gxf6 12. Nh4 Bg6 13. e3 f5 14. Qf3 Qg5 15. Bh3 e4 16. Qd1 Rg8 17. d4 Bb6 18. f4 exf3 19. Qxf3 Kh8 20. Nxf5 Rae8 21. Rae1 Bh5 22. Qf4 Ba5 23. Ra1 Bd2 24. Rf2 Ba5 25. Raf1 Nb4 26. Nxb4 Bxb4 27. a3 Qxf4 28. exf4 Be1 29.
Rg2 Bg6 30. Nxh6 Rg7 31. f5 Bh5 32. Rf4 Kh7 33. Ng4 Bxg4 34. Bxg4 Ba5 35. h3 Bb6 36. b4 c5 37. bxc5 dxc5 38. d5 Bc7 39. Rf3 Re4 40. f6 Rgxg4 41. hxg4 Rxc4 42. Rh2+ Kg6 43. Rh8 Rc1+ 44. Kg2 Rc2+ 45. Kh3 Bd6 46. Rg8+ Kh6 47.
Rg7 Rc1 48. g5+ Kh5 49. g4# 1-0